 Dungeon Crawl Stone Soup version 0.31.0-12-g77e489cdc1 (webtiles) character file.

Game seed: 1203096446625271233

10453 Tolg the Spear-Bearer (level 11, -4/97 HPs)
             Began as a Minotaur Fighter on Feb 17, 2024.
             Was a Priest of Trog.
             Killed by divine providence
             ... invoked by an orc priest
              (11 damage)
             ... on level 9 of the Dungeon.
             The game lasted 00:34:02 (9367 turns).

Tolg the Spear-Bearer (Minotaur Fighter)            Turns: 9367, Time: 00:34:02

Health: -4/97      AC: 18    Str: 30    XL:     11   Next: 36%
Magic:  0/10       EV: 11    Int:  5    God:    Trog [***...]
Gold:   702        SH:  6    Dex: 11    Spells: 10/10 levels left

rFire   . . .        B - +3 trident (drain)
rCold   . . .        c - +0 buckler
rNeg    + . .        C - +0 plate armour
rPois   .            (helmet restricted)
rElec   .            E - +0 cloak
rCorr   .            G - +0 pair of gloves
SInv    .            v - +0 pair of boots
Will    .....        o - amulet of guardian spirit
Stlth   x              - ring of positive energy
HPRegen 0.36/turn    r - +6 ring of strength
MPRegen 0.12/turn

%: guardian spirit
@: on berserk cooldown, slowed, very slow
A: horns 2, retaliatory headbutt
a: Renounce Religion, Berserk, Trog's Hand


You were on level 9 of the Dungeon.
You worshipped Trog.
Trog was most pleased with you.
You visited 3 branches of the dungeon, and saw 12 of its levels.

You collected 702 gold pieces.

Inventory:

Hand Weapons
 a - a +0 trident
 B - a +3 trident of draining (weapon)
Armour
 b - a +0 scale mail
 c - a +0 buckler (worn)
 v - a +0 pair of boots (worn)
 C - a +0 plate armour (worn)
 E - a +0 cloak (worn)
 G - a +0 pair of gloves (worn)
Jewellery
 g - a +6 ring of intelligence
 o - an amulet of guardian spirit (around neck)
 r - a +6 ring of strength (right hand)
 x - a ring of positive energy (left hand)
 y - a ring of positive energy
 F - a ring of flight
 H - a ring of see invisible
 K - a ring of resist corrosion
 L - an amulet of reflection
Wands
 p - a wand of iceblast (2)
 D - a wand of quicksilver (14)
 I - a wand of mindburst (6) (quivered)
 M - a wand of flame (24)
 P - a wand of polymorph (7)
Scrolls
 h - 2 scrolls of silence {unknown}
 k - 2 scrolls of amnesia {unknown}
 l - a scroll of poison {unknown}
 m - 4 scrolls of teleportation {unknown}
 q - a scroll of fog {unknown}
 s - a scroll of immolation {unknown}
 t - 2 scrolls of torment {unknown}
 w - 3 scrolls of identify
 J - 3 scrolls of revelation {unknown}
 O - a scroll of enchant armour {unknown}
 Q - a scroll of vulnerability {unknown}
Potions
 d - a potion of might
 e - a potion of brilliance {unknown}
 f - 5 potions of curing
 i - a potion of degeneration {unknown}
 j - 3 potions of haste {unknown}
 n - 4 potions of heal wounds {unknown}
 u - 2 potions of attraction {unknown}
 z - a potion of ambrosia {unknown}
 A - 2 potions of lignification {unknown}
Miscellaneous
 N - a lightning rod (4/4)


   Skills:
 + Level 9.1 Fighting
 * Level 11.6 Polearms
 + Level 9.2 Armour
 * Level 10.5 Dodging
 + Level 8.9 Shields


You had 10 spell levels left.
You didn't know any spells.
Your spell library contained the following spells:

 Spells                   Type           Power      Damage    Failure   Level
 Freeze                   Ice            0%         1d3       99%         1
 Slow                     Hex            0%         N/A       99%         1
 Confusing Touch          Hex            0%         N/A       100%        3
 Frozen Ramparts          Ice            0%         1d1       100%        3
 Hailstorm                Conj/Ice       0%         3d5       100%        3
 Sigil of Binding         Hex            0%         N/A       100%        3
 Vampiric Draining        Necr           0%         2d6       100%        3


Dungeon Overview and Level Annotations

Branches:
Dungeon (9/15)             Temple (1/1) D:7            Lair (0/5) D:9
    Orc (2/2) D:9
    Elf: Orc:2

Altars:
Ashenzari
Cheibriados
Dithmenos
Elyvilon
Fedhas
Gozag
Hepliaklqana
Makhleb
Nemelex Xobeh
Okawaru
Qazlal
Ru
Sif Muna
Trog
Uskayaw
Vehumet
Wu Jian
Xom
Yredelemnul
Zin
The Shining One

Shops:
D:4 (?   D:9 *


Innate Abilities, Weirdness & Mutations

You have a pair of horns on your head.
You reflexively headbutt those who attack you in melee.


Message History

The orc priest hits you but does no damage.
The orc barely misses you. You furiously retaliate!
You headbutt the orc.
You kill the orc!
Trog accepts your kill. The troll bites you but does no damage.
You block the troll's attack. The troll claws you.
* * * LOW HITPOINT WARNING * * *
You climb upwards.
Welcome back to the Dungeon!
There is a staircase to the Orcish Mines here.
Aiming: Throw Flame
Press: ? - help, Q - select action, (/) - cycle Shift-Dir - straight line, f - orc priest
Aim: an orc priest, wielding a +0 club and wearing a +0 ring mail (72% to hit)
The puff of flame hits the troll.
The troll is almost dead.
The troll bites you.
* * * LOW HITPOINT WARNING * * *
The troll claws you but does no damage. x2
You closely miss the troll.
The troll is almost dead.
The troll bites you but does no damage. The troll closely misses you.
The troll claws you.
* * * LOW HITPOINT WARNING * * *
The troll bites you but does no damage.
The troll claws you but does no damage. x2
The orc priest miscasts a cantrip.
You hit the troll but do no damage.
The troll is severely wounded.
The troll bites you!
* * * LOW HITPOINT WARNING * * *
The troll claws you but does no damage. The troll closely misses you.
You impale the troll!!
You kill the troll!
Trog accepts your kill.
The troll leather armour is intact enough to wear.
You closely miss the orc priest. Your headbutt misses the orc priest.
The orc priest hits you but does no damage.
You closely miss the orc priest.
You headbutt the orc priest, but do no damage.
The orc priest invokes the aid of Beogh against you.
Beogh smites you!
You die...

#####....### ##.#########
###..#### #....# # #.....#
####.# ##....## #.######
####..#####.......
#........######.
#........######.
#############............###
#........##@oo.......###...#
#........####.......[# ###..
#........# #####.#.## ##.
#........# #.#..# #.
#.......<# #.##.## ##
#........# #.##..# ###
#........########.###.####..
#........##................#
#######.#######....##..#####


You could see 2 orc priests.

Vanquished Creatures
  Erolcha (Orc:1)
  A centaur warrior (D:9)
  A two-headed ogre (D:8)
  An orc knight (Orc:1)
  Jeremiah (D:6)
  Psyche (D:9)
  A troll (D:9)
  2 raiju (D:8)
  Sigmund (D:5)
  11 yaks
  A shadow (D:9)
  A wyvern (D:9)
  Eustachio (D:6)
  A steam dragon (D:7)
  Edmund (D:6)
  A water moccasin (D:7)
  5 orc warriors
  An ice beast (D:8)
  3 sky beasts
  6 ogres
  2 wolves (D:9)
  2 centaurs
  A kobold brigand (D:9)
  4 bullfrogs
  A necrophage (D:6)
  A gnoll sergeant (D:9)
  A scorpion (D:5)
  10 wights
  11 killer bees
  2 bombardier beetles
  4 electric eels (D:8)
  6 howler monkeys
  A hound (D:5)
  2 gnoll boudas
  A jelly (D:6)
  2 orc priests
  3 iguanas
  12 orc wizards
  A hound skeleton (D:6)
  16 gnolls
  8 adders
  2 shadow imps
  3 white imps
  2 ufetubi (D:7)
  4 dart slugs
  2 ribbon worms
  28 orcs
  10 ball pythons
  11 endoplasms
  2 giant cockroaches
  9 goblins
  8 hobgoblins
  4 jackals
  5 quokkas
  4 bats
  8 frilled lizards
  15 kobolds
  4 rats
254 creatures vanquished.

Vanquished Creatures (others)
  Grum (D:9)
1 creature vanquished.

Grand Total: 255 creatures vanquished

Notes
Turn   | Place    | Note
-------+----------+-------------------------------------------
     0 | D:1      | Tolg the Minotaur Fighter began the quest for the Orb.
     0 | D:1      | Reached XP level 1. HP: 19/19 MP: 0/0
   103 | D:1      | Reached skill level 1 in Dodging
   103 | D:1      | Reached XP level 2. HP: 27/27 MP: 1/1
   344 | D:1      | Reached skill level 3 in Polearms
   596 | D:1      | Reached XP level 3. HP: 32/33 MP: 2/2
  1333 | D:2      | Reached XP level 4. HP: 40/40 MP: 3/3
  1661 | D:3      | Found a faded altar of an unknown god.
  2193 | D:4      | Reached skill level 4 in Polearms
  2193 | D:4      | Reached XP level 5. HP: 38/46 MP: 1/4
  2341 | D:4      | Found Sashoun's Magic Scroll Shop.
  2372 | D:4      | Found Siklet's Weapon Boutique.
  2501 | D:4      | Found an opulent altar of Gozag.
  2652 | D:4      | Found a bloodstained altar of Trog.
  2655 | D:4      | Became a worshipper of Trog the Wrathful
  2999 | D:5      | Entered Level 5 of the Dungeon
  3017 | D:5      | Noticed Sigmund
  3026 | D:5      | Killed Sigmund
  3027 | D:5      | Reached XP level 6. HP: 46/53 MP: 3/5
  3085 | D:5      | Reached skill level 5 in Polearms
  3188 | D:5      | Reached XP level 7. HP: 53/60 MP: 6/6
  3193 | D:5      | Reached skill level 5 in Armour
  3236 | D:5      | Reached skill level 5 in Fighting
  3236 | D:5      | Reached skill level 5 in Shields
  3392 | D:5      | Reached * piety under Trog
  3487 | D:5      | Reached skill level 6 in Polearms
  3487 | D:5      | Reached skill level 5 in Dodging
  3693 | D:5      | Found a radiant altar of Vehumet.
  3814 | D:5      | Found a sparkling altar of Nemelex Xobeh.
  3823 | D:5      | Reached XP level 8. HP: 56/69 MP: 5/7
  3934 | D:6      | Noticed Jeremiah
  3979 | D:6      | Killed Jeremiah
  3980 | D:6      | Reached skill level 7 in Polearms
  4210 | D:6      | Found a burning altar of Makhleb.
  4210 | D:6      | Noticed Edmund
  4218 | D:6      | Killed Edmund
  4303 | D:6      | Found a white marble altar of Elyvilon.
  4373 | D:6      | Noticed Eustachio
  4389 | D:6      | Killed Eustachio
  4390 | D:6      | Reached XP level 9. HP: 71/78 MP: 8/8
  4465 | D:6      | Found a hide-covered altar of Uskayaw.
  4552 | D:6      | Reached ** piety under Trog
  4555 | D:6      | Found a shimmering altar of Xom.
  4567 | D:6      | Found a sacrificial altar of Ru.
  4707 | D:6      | Found Utarawn's General Store.
  4844 | D:6      | Reached skill level 8 in Polearms
  4900 | D:6      | Found a hazy altar of Hepliaklqana.
  5354 | D:7      | Found a staircase to the Ecumenical Temple.
  5383 | D:7      | Reached skill level 9 in Polearms
  5406 | Temple   | Entered the Ecumenical Temple
  6293 | D:8      | Found a shadowy altar of Dithmenos.
  6454 | D:8      | Found a broken altar of Ashenzari.
  6504 | D:8      | Reached XP level 10. HP: 86/86 MP: 9/9
  7132 | D:8      | Noticed a two-headed ogre
  7140 | D:8      | Killed a two-headed ogre
  7141 | D:8      | Reached skill level 10 in Polearms
  7304 | D:8      | Reached *** piety under Trog
  7800 | D:9      | Noticed a centaur warrior
  7814 | D:9      | Killed a centaur warrior
  8003 | D:9      | Noticed Psyche
  8019 | D:9      | Reached skill level 11 in Polearms
  8027 | D:9      | Noticed Grum
  8036 | D:9      | Killed Grum
  8064 | D:9      | Killed Psyche
  8065 | D:9      | Reached skill level 10 in Dodging
  8065 | D:9      | Reached XP level 11. HP: 61/95 MP: 7/10
  8301 | D:9      | Found Zuont's General Store.
  8364 | D:9      | Reached **** piety under Trog
  8377 | D:9      | Found a glowing golden altar of the Shining One.
  8449 | D:9      | Found a staircase to the Orcish Mines.
  8532 | D:9      | Found a staircase to the Lair.
  8609 | Orc:1    | Entered Level 1 of the Orcish Mines
  8702 | Orc:1    | Noticed Erolcha
  8712 | Orc:1    | Killed Erolcha
  8964 | Orc:2    | Entered Level 2 of the Orcish Mines
  8964 | Orc:2    | Noticed an orc knight
  8993 | Orc:1    | HP: 3/95 [orc knight/+0 great mace (13)]
  8995 | Orc:1    | Killed an orc knight
  9367 | D:9      | Killed from afar by an orc priest

Illustrated notes

Levels and vault maps discovered:
D:1:      dpeg_arrival_leaves_temple_mockup, layout_basic,
          minmay_misc_feat_alley
D:2:      layout_basic, kennysheep_generic_room_7
D:3:      layout_loops_ring, shapermc_ecumenical_altar_pompeii,
          nicolae_kite_square_tiling_tiny, minmay_pentomino_pile
D:4:      layout_gridville, kennysheep_mini,
          mainiacjoe_overflow_small_starburst, serial_shops,
          nicolae_shop_waterfront, chequers_serial_rivers_room_a,
          kennysheep_small_square
D:5:      minmay_bubble_buster, layout_basic, vehumet_crystals,
          nemelex_dance_club_becter, uniq_sigmund
D:6:      layout_loops_ring, nicolae_uskayaw_murder_on_the_dancefloor,
          makhleb_blood_cavern_becter, mainiacjoe_overflow_boulevard,
          nzn_hepliaklqana_mist_gate, amethyst_overflow_temple_binary,
          serial_shops, shop, minmay_door_square, minmay_misc_feat_columns,
          uniq_jeremiah, uniq_edmund, uniq_eustachio
D:7:      layout_layer_cave, minmay_temple_entry_stoned_glass,
          nicolae_twisty_statue_hallways
D:8:      layout_basic, lemuel_crystal_altar, nicolae_dithmenos_shadow_blocks,
          nicolae_have_a_lightning_rod
D:9:      layout_rooms, tso_oasis_becter, lair_entry_dummy, orc_0_dummy,
          serial_shops, shop, uniq_psyche, uniq_grum
Temple:   hellmonk_temple_beads
Orc:1:    layout_caves, uniq_erolcha
Orc:2:    hellmonk_orc_salted, layout_caves, basic_altar,
          nicolae_orc_stalacmites, regret_index_minedec_devilstone

Skill      XL: |  1  2  3  4  5  6  7  8  9 10 11 |
---------------+----------------------------------+-----
Dodging        | 1 2 3 4 5 6 8 10 | 10.5
Polearms       | 3 4 5 6 7 9 11 | 11.6
Armour         | 4 5 6 7 8 9 |  9.2
Fighting       | 4 5 6 7 8 9 |  9.1
Shields        | 4 5 6 7 8 |  8.9

Action                     |  1- 3 |  4- 6 |  7- 9 | 10-12 || total
---------------------------+-------+-------+-------+-------++-------
  Melee: Trident           |    86 |   142 |   284 |   238 ||   750
         Headbutt          |    10 |    16 |    52 |    37 ||   115
         Unarmed           |       |       |       |     5 ||     5
 Invoke: Berserk           |       |       |     1 |     3 ||     4
  Evoke: Wand              |       |       |     6 |     2 ||     8
    Use: Scroll            |       |       |     1 |       ||     1
         Potion            |       |       |       |     2 ||     2
   Stab: Distracted        |       |       |     1 |       ||     1
 Armour: Scale mail        |    32 |    60 |    59 |       ||   151
         Plate armour      |       |       |   126 |   203 ||   329
         Skin              |       |       |       |    29 ||    29
  Dodge: Dodged            |    30 |    51 |    94 |   113 ||   288
  Block: Buckler           |    10 |    17 |    44 |    71 ||   142
